 Dungeon Crawl Stone Soup version 0.23-a0-767-gdc19b93d68 (webtiles) character file.

476 LLavrengius the Changer (level 7, -1/44 HPs)
             Began as an Octopode Transmuter on Jan 27, 2019.
             Was an Initiate of Gozag.
             Slain by an orc wizard
             ... wielding a +0 dagger
              (3 damage)
             ... on level 4 of the Dungeon.
             The game lasted 00:09:03 (3841 turns).

LLavrengius the Changer (Octopode Transmuter)       Turns: 3841, Time: 00:09:04

Health: -1/44      AC:  1    Str: 14    XL:     7   Next: 10%
Magic:  12/12      EV: 13    Int: 18    God:    Gozag
Gold:   135        SH:  0    Dex: 12    Spells: 7/13 levels left

rFire    + . .     SeeInvis .     - Unarmed
rCold    + . .     Gourm    .   (no shield)
rNeg     + . .     Faith    .   (helmet restricted)
rPois    +         Spirit   .   (no amulet)
rElec    +         Reflect  .   h - ring of resist corrosion
rCorr    +         Harm     .   n - ring of positive energy
MR       .....                  p - ring of attention (curse)
Stlth    +.........             (no ring)
HPRegen  0.14/turn              (no ring)
MPRegen  0.13/turn              (no ring)
                                (no ring)
                                (no ring)

@: confused, mighty, resistant, hasted, very quick
A: almost no armour, stealthy swim, amphibious, 8 rings, constrict 8, camouflage
1, gelatinous body 1
a: Potion Petition, Call Merchant, Bribe Branch, Renounce Religion


You were on level 4 of the Dungeon.
You worshipped Gozag.
Gozag was aware of your devotion.
You were very hungry.

You visited 1 branch of the dungeon, and saw 4 of its levels.

You collected 171 gold pieces.
You paid 36 gold pieces to Gozag.

Inventory:

Missiles
 a - 39 arrows
Jewellery
 h - a ring of resist corrosion (left tentacle)
 n - a ring of positive energy (right tentacle)
 p - a cursed ring of attention (on tentacle)
Scrolls
 b - 3 scrolls of identify {unknown}
 g - a scroll of remove curse {unknown}
 i - a scroll of teleportation {unknown}
 l - a scroll of magic mapping {unknown}
 m - a scroll of enchant armour {unknown}
 o - a scroll of enchant weapon {unknown}
Potions
 d - a potion of curing
 e - a potion of heal wounds {unknown}
 f - a potion of brilliance {unknown}
 j - a potion of haste {unknown}
 k - a potion of cancellation {unknown}
Comestibles
 c - 4 rations


   Skills:
 + Level 1.9 Fighting
 - Level 2.0 Dodging
 + Level 3.4 Unarmed Combat
 + Level 3.7 Spellcasting
 - Level 6.0 Transmutations


You had 7 spell levels left.
You knew the following spells:

 Your Spells              Type           Power        Failure   Level  Hunger
a - Beastly Appendage     Tmut           ####..       1%          1    None
b - Sticks to Snakes      Tmut           ####....     1%          2    ##.....
c - Spider Form           Tmut/Pois      ##........   13%         3    ###....

Your spell library contained the following spells:

 Spells                   Type           Power        Failure   Level  Hunger
 Blade Hands              Tmut           ####......   34%         5    ######.
 Ice Form                 Ice/Tmut       ##......     41%         4    ####...


Dungeon Overview and Level Annotations

Branches:
Dungeon (4/15)
 Temple: D:4-7

Altars:
Dithmenos
Elyvilon
Gozag
Vehumet
Zin

Annotations:
D:4 Ijyb


Innate Abilities, Weirdness & Mutations

You cannot wear most types of armour.
You are very stealthy in the water. (Stealth+)
You are amphibious.
You can wear up to eight rings at the same time.
You can use your tentacles to constrict eight enemies at once.
Your skin changes colour to match your surroundings (Stealth+).
Your rubbery body absorbs attacks. (AC +1, EV +1)


Message History

The goblin shouts!
The orc shouts!
You grab the goblin. You squeeze the goblin.
You kill the goblin!
The howler monkey skeleton closely misses you.
You barely miss something. Your squeeze misses something.
You closely miss something. Your squeeze misses something. Something hits you.
* * * LOW HITPOINT WARNING * * *
The howler monkey skeleton barely misses you.
You closely miss something. Something hits you but does no damage.
Unknown command.
You closely miss something.
The howler monkey skeleton barely misses you.
The goblin becomes distracted by the nearby gold, dreaming of imaginary riches.
You hear some strange, mumbled words.
You are confused.
You hear a shout!
The goblin barely misses you.
You're too confused to move!
Something hits you.
You die...
Your body crumbles into a pile of gold.

#....###+## #...##
#...# $
#...#8.....8# #
###.#.......#
###.####.#8.....8#
.........#.g.....#
.........#8g....8#
........@#gg.....#
.......g{#8.....8#.
........Zogg$......
###.####..g.$....##
#. #...##....# .
....... .....+
+......). ....# $
#...!.........# $
##.....##.%..##


You could see an orc, 2 goblins and a howler monkey skeleton.

Vanquished Creatures
  Grinder (D:3)
  2 hounds (D:4)
  An orc priest (D:4)
  An iguana (D:4)
  An orc wizard (D:3)
  A worker ant (D:4)
  2 adders
  A worm (D:2)
  3 dart slugs (D:1)
  2 leopard geckos (D:3)
  4 orcs
  4 giant cockroaches
  4 goblins
  7 hobgoblins
  10 jackals
  A quokka (D:2)
  A ball python (D:3)
  8 bats
  3 frilled lizards
  11 kobolds
  8 rats
76 creatures vanquished.

Notes
Turn   | Place    | Note
-------+----------+-------------------------------------------
     0 | D:1      | LLavrengius the Octopode Transmuter began the quest for the
                  | Orb.
     0 | D:1      | Reached XP level 1. HP: 13/13 MP: 3/3
   374 | D:1      | Reached XP level 2. HP: 18/18 MP: 5/5
   555 | D:1      | Reached skill level 3 in Transmutations
   674 | D:1      | Reached XP level 3. HP: 12/23 MP: 6/6
   880 | D:1      | Learned a level 2 spell: Sticks to Snakes
   884 | D:1      | Learned a level 3 spell: Spider Form
  2124 | D:2      | Reached skill level 4 in Transmutations
  2268 | D:2      | Reached XP level 4. HP: 22/28 MP: 7/7
  2925 | D:3      | Noticed Grinder
  2930 | D:3      | Paralysed by Grinder for 5 turns
  2962 | D:3      | Killed Grinder
  2962 | D:3      | Reached skill level 5 in Transmutations
  2962 | D:3      | Reached XP level 5. HP: 25/33 MP: 7/9
  2962 | D:3      | Reached XP level 6. HP: 29/38 MP: 7/10
  2996 | D:3      | Found a white marble altar of Elyvilon.
  3277 | D:3      | Reached skill level 6 in Transmutations
  3481 | D:3      | Found a shadowy altar of Dithmenos.
  3485 | D:3      | Found a radiant altar of Vehumet.
  3717 | D:3      | Found an opulent altar of Gozag.
  3717 | D:3      | Found a glowing silver altar of Zin.
  3731 | D:3      | Became a worshipper of Gozag Ym Sagoz the Greedy
  3814 | D:4      | Reached XP level 7. HP: 28/44 MP: 12/12
  3819 | D:4      | Found the +9 heavy crossbow "Sniper" {velocity, Acc+∞ SInv}
  3827 | D:4      | Noticed Ijyb
  3835 | D:4      | HP: 2/44 [something (6)]
  3841 | D:4      | Slain by an orc wizard

Vault maps used:
D:1:      lemuel_arrival_behind_the_door_large
D:3:      grunt_temple_overflow_gold_and_silver, elyvilon_altar_5,
          fiery_altar_vehumet, overflow_temple_1_default, uniq_grinder
D:4:      kennysheep_the_goblin_king

Skill      XL: |  1  2  3  4  5  6 |
---------------+-------------------+-----
Transmutations | 3 4 5 6 |  6.0
Spellcasting   | 3 |  3.7
Fighting       | |  1.9
Dodging        | |  2.0
Unarmed Combat | |  3.4

Action                   |  1- 3 |  4- 6 |  7- 9 || total
-------------------------+-------+-------+-------++-------
Melee: Unarmed           |    93 |   103 |    11 ||   207
       Constrict         |    26 |    27 |     2 ||    55
       Tentacles         |    16 |    13 |     2 ||    31
       Punch             |     3 |     3 |       ||     6
 Cast: Spider Form       |       |     1 |       ||     1
Invok: Potion Petition   |       |     1 |       ||     1
 Stab: Sleeping          |     5 |     6 |       ||    11
       Distracted        |     1 |       |       ||     1
  Eat: Chunk             |     4 |     4 |       ||     8
Armor: Skin              |     7 |     5 |     1 ||    13
Dodge: Dodged            |    64 |    57 |     5 ||   126

Table legend:
 A = Non-vault XP
 B = Vault XP
 C = Vault XP percentage of total XP
 D = Non-vault monster count
 E = Vault monster count
 F = Vault count percentage of total count
                 A         B        C        D         E       F
            +---------+---------+-------+---------+---------+-------
      Total |     381 |     299 |  44.0 |      73 |       3 |   3.9
            +---------+---------+-------+---------+---------+-------
        D:1 |      50 |       0 |   0.0 |      27 |       0 |   0.0
        D:2 |      33 |       0 |   0.0 |      10 |       0 |   0.0
        D:3 |      98 |     295 |  75.1 |      30 |       1 |   3.2
        D:4 |     200 |       4 |   2.0 |       6 |       2 |  25.0
            +---------+---------+-------+---------+---------+-------
